 Dungeon Crawl Stone Soup version 0.28.0-45-g0d030f2227 (webtiles) character file.

Game seed: 14918682998873831301

558055 Fartwhistle the Storm Dragon (level 25, -2/207 HPs)
             Began as a Black Draconian Conjurer on Apr 19, 2022.
             Was the Champion of Hepliaklqana.
             Killed by an exploding ball lightning (21 damage)
             ... on level 4 of the Depths on Apr 21, 2022.
             The game lasted 07:18:03 (116388 turns).

Fartwhistle the Storm Dragon (DrCj)               Turns: 116388, Time: 07:18:03

Health: -2/207     AC: 19    Str: 13    XL:     25   Next: 26%
Magic:  41/47      EV: 17    Int: 39    God:    Hepliaklqana [******]
Gold:   2720       SH:  7    Dex: 10    Spells: 5/64 levels left

rFire   + + .      SeeInvis .   a - staff of air
rCold   . . .      Faith    .   B - +3 buckler
rNeg    + . .      Spirit   .   (armour unavailable)
rPois   +          Reflect  .   O - +2 hat
rElec   +          Harm     .   V - +2 cloak {Will+}
rCorr   .          Rampage  .   (no gloves)
Will    ++++.      Clarity  +   b - +1 pair of boots of Gravitas {Str-4 Int+4}
Stlth   ++........              c - amulet of the Four Winds {rN+ Will+++ Clar}
HPRegen 0.44/turn               W - ring of Uvuah {rPois rF++ Will- Int+6}
MPRegen 0.30/turn               X - ring of Lybupp {Wiz Str+6}

@: flying, studying 2 skills
A: reduced essence, breathe lightning, AC +12, unfitting armour, big wings,
electricity resistance, cold-blooded
}: 3/15 runes: barnacled, silver, gossamer
a: Breathe Lightning, Renounce Religion, Recall Ancestor, Ancestor Identity,
Transference, Idealise


You were on level 4 of the Depths.
You worshipped Hepliaklqana.
Hepliaklqana was exalted by your worship.
You visited 10 branches of the dungeon, and saw 45 of its levels.
You also visited: Ossuary and Wizlab.

You collected 7719 gold pieces.
You spent 4999 gold pieces at shops.

Inventory:

Hand Weapons
 g - the +5 hand axe "Ydinacs" {vorpal, rF++ rN+ Int+4}
   (You took it off a spriggan on level 6 of the Lair of Beasts)

   It inflicts extra damage upon your enemies.
   Int:       It affects your intelligence (+4).
   rF:        It greatly protects you from fire.
   rN:        It protects you from negative energy.
 G - the +6 dagger "Dragonslayer" {elec, Fly rC++ rN+}
   (You found it on level 1 of the Shoals)

   It occasionally discharges a powerful burst of electricity upon striking a
   foe.
   rC:        It greatly protects you from cold.
   rN:        It protects you from negative energy.
   Fly:       It grants you flight.
Armour
 b - the +1 pair of boots of Gravitas (worn) {Str-4 Int+4}
   (You found it on level 8 of the Dungeon)

   Str:       It affects your strength (-4).
   Int:       It affects your intelligence (+4).
 B - a +3 buckler (worn)
 J - a scarf of repulsion
 M - a +1 cloak of poison resistance
 O - a +2 hat (worn)
 V - a +2 cloak of willpower (worn)
Magical Staves
 a - a staff of air (weapon)
Jewellery
 c - the amulet of the Four Winds (around neck) {rN+ Will+++ Clar}
   (You took it off a deep elf high priest on level 3 of the Elven Halls)

   [amulet of nothing]

   rN:        It protects you from negative energy.
   Clar:      It protects you against confusion.
   Will:      It greatly increases your willpower.
 f - an amulet of the acrobat
 i - a ring of willpower
 j - a ring of protection from cold
 p - an amulet of reflection
 z - a ring of positive energy
 L - a ring of resist corrosion
 R - a ring of protection from fire
 W - the ring of Uvuah (left hand) {rPois rF++ Will- Int+6}
   (You bought it in a shop on level 3 of the Depths)

   [ring of intelligence]

   Int:       It affects your intelligence (+6).
   rF:        It greatly protects you from fire.
   rPois:     It protects you from poison.
   Will:      It decreases your willpower.
 X - the ring of Lybupp (right hand) {Wiz Str+6}
   (You took it off a yaktaur captain on level 5 of the Vaults)

   [ring of wizardry]

   It improves your spell success rate.
   Str:       It affects your strength (+6).
 Y - a ring of see invisible
Wands
 u - a wand of polymorph (26)
 C - a wand of iceblast (39)
 H - a wand of digging (15)
 T - a wand of paralysis (15)
 U - a wand of mindburst (27)
Scrolls
 e - 2 scrolls of magic mapping
 l - 9 scrolls of vulnerability
 q - 11 scrolls of teleportation
 s - 8 scrolls of enchant armour
 v - 4 scrolls of torment
 w - 8 scrolls of fog
 x - 4 scrolls of immolation
 y - 2 scrolls of blinking
 A - 9 scrolls of enchant weapon
 D - 15 scrolls of identify
 E - a scroll of silence
 F - 7 scrolls of amnesia
 I - 3 scrolls of holy word
Potions
 d - 7 potions of ambrosia
 h - 2 potions of brilliance
 k - a potion of resistance
 m - 3 potions of cancellation
 n - 8 potions of berserk rage
 o - 5 potions of heal wounds
 r - 6 potions of curing
 t - 6 potions of haste
 K - a potion of flight
 N - a potion of invisibility
 S - 5 potions of might
 Z - a potion of magic


   Skills:
 + Level 19.7 Fighting
 + Level 16.5 Dodging
 - Level 1.7 Stealth
 - Level 3.0 Shields
 + Level 20.1 Spellcasting
 + Level 23.7 Conjurations
 - Level 5.0 Ice Magic
 O Level 27 Air Magic
 - Level 5.1 Invocations


You had 5 spell levels left.
You knew the following spells:

 Your Spells              Type           Power      Damage    Failure   Level
a - Magic Dart            Conj           100%       1d8       0%          1
b - Searing Ray           Conj           100%       2d8       0%          2
c - Dazzling Flash        Conj/Hex       100%       N/A       0%          3
d - Fulminant Prism       Conj/Hex       46%        3d21      1%          4
e - Iskenderun's Mystic   Conj/Tloc      93%        2d18      1%          4
f - Portal Projectile     Hex/Tloc       78%        N/A       1%          3
g - Chain Lightning       Conj/Air       75%        3d100     1%          9
h - Conjure Ball Lightni  Conj/Air       75%        3x3d28    0%          6
i - Freezing Cloud        Conj/Ice/Air   67%        6-21      0%          5
j - Orb of Destruction    Conj           61%        9d15      1%          7
k - Blink                 Tloc           78%        N/A       1%          2
l - Storm Form            Tmut/Air       60%        N/A       1%          7
m - Iron Shot             Conj/Erth      46%        9d9       1%          6

Your spell library contained the following spells:

 Spells                   Type           Power      Damage    Failure   Level
 Foxfire                  Conj/Fire      100%       2x1d9     0%          1
 Corpse Rot               Necr/Air       100%       N/A       0%          2
 Poisonous Vapours        Pois/Air       100%       N/A       0%          2
 Conjure Flame            Conj/Fire      93%        6-21      0%          3
 Mephitic Cloud           Conj/Pois/Air  100%       N/A       0%          3
 Hailstorm                Conj/Ice       100%       3d20      0%          4
 Iskenderun's Battlesphe  Conj           100%       2d15      0%          5
 Lightning Bolt           Conj/Air       75%        1d101     0%          5
 Animate Skeleton         Necr           78%        N/A       1%          1
 Apportation              Tloc           78%        N/A       1%          1
 Freeze                   Ice            100%       1d11      1%          1
 Pain                     Necr           100%       1d9       1%          1
 Sting                    Tmut/Pois      100%       1d8       1%          1
 Call Imp                 Summ           39%        N/A       1%          2
 Ensorcelled Hibernation  Hex/Ice        100%       N/A       1%          2
 Scorch                   Fire           78%        2d8       1%          2
 Sublimation of Blood     Necr           39%        N/A       1%          2
 Wereblood                Tmut           39%        N/A       1%          2
 Frozen Ramparts          Ice            100%       1d12      1%          3
 Gell's Gravitas          Tloc           39%        N/A       1%          3
 Ignite Poison            Fire/Tmut/Pois 39%        N/A       1%          3
 Inner Flame              Hex/Fire       39%        N/A       1%          3
 Ozocubu's Armour         Ice            67%        N/A       1%          3
 Spider Form              Tmut/Pois      39%        N/A       1%          3
 Teleport Other           Tloc           39%        N/A       1%          3
 Tukima's Dance           Hex            39%        N/A       1%          3
 Vampiric Draining        Necr           39%        2d8       1%          3
 Flame Wave               Conj/Fire      93%        2d16      1%          4
 Ice Form                 Ice/Tmut       56%        N/A       1%          4
 Summon Ice Beast         Ice/Summ       56%        N/A       1%          4
 Summon Lightning Spire   Summ/Air       100%       N/A       1%          4
 Fireball                 Conj/Fire      46%        3d18      1%          5
 Irradiate                Conj/Tmut      46%        3d29      1%          5
 Anguish                  Hex/Necr       19%        N/A       3%          4
 Animate Dead             Necr           19%        N/A       3%          4
 Cause Fear               Hex            19%        N/A       3%          4
 Leda's Liquefaction      Hex/Erth       19%        N/A       3%          4
 Olgreb's Toxic Radiance  Pois           39%        N/A       3%          4
 Passage of Golubria      Tloc           39%        N/A       3%          4
 Alistair's Intoxication  Tmut/Pois      26%        N/A       10%         5
 Blade Hands              Tmut           19%        N/A       10%         5
 Borgnjor's Vile Clutch   Necr/Erth      19%        N/A       10%         5
 Excruciating Wounds      Necr           19%        N/A       10%         5
 Lee's Rapid Deconstruct  Erth           19%        3d12*     10%         5
 Manifold Assault         Tloc           39%        N/A       10%         5
 Summon Forest            Summ/Tloc      19%        N/A       10%         5
 Summon Mana Viper        Hex/Summ       39%        N/A       10%         5
 Yara's Violent Unravell  Hex/Tmut       19%        3d9       10%         5
 Starburst                Conj/Fire      46%        6d13      1%          6
 Simulacrum               Ice/Necr       28%        N/A       19%         6
 Ozocubu's Refrigeration  Ice            33%        4d11      34%         7
 Death Channel            Necr           19%        N/A       45%         6
 Dispersal                Tloc           19%        N/A       45%         6
 Eringya's Noxious Bog    Tmut/Pois      19%        N/A       45%         6
 Statue Form              Tmut/Erth      26%        N/A       45%         6
 Summon Cactus Giant      Summ           19%        N/A       45%         6
 Fire Storm               Conj/Fire      46%        8d12      92%         9
 Dragon Form              Tmut           19%        N/A       95%         7
 Enfeeble                 Hex            19%        N/A       95%         7
 Haunt                    Necr/Summ      19%        N/A       95%         7
 Monstrous Menagerie      Summ           19%        N/A       95%         7
 Summon Hydra             Summ           19%        N/A       95%         7
 Borgnjor's Revivificati  Necr           19%        N/A       100%        8
 Necromutation            Tmut/Necr      19%        N/A       100%        8
 Death's Door             Necr           19%        N/A       100%        9
 Dragon's Call            Summ           19%        N/A       100%        9
 Polar Vortex             Ice            33%        N/A       100%        9
 Shatter                  Erth           19%        3d18*     100%        9
 Animate Armour           Summ/Erth      Unusable   N/A       N/A         4

Dungeon Overview and Level Annotations

Branches:
Dungeon (15/15)            Temple (0/1) D:5            Lair (6/6) D:10
 Shoals (4/4) Lair:3       Spider (4/4) Lair:2        Slime (1/5) Lair:6
    Orc (2/2) D:10            Elf (3/3) Orc:2        Vaults (5/5) D:14
  Crypt (0/3) Vaults:3     Depths (4/4) D:15           Hell (visited)
    Zot (0/5) Depths:4    Ossuary (visited)          WizLab (visited)
    Dis: Hell:1         Geh: Hell:1         Coc: Hell:1         Tar: Hell:1

Altars:
Ashenzari
Cheibriados
Elyvilon
Fedhas
Hepliaklqana
Okawaru
Qazlal
Ru
Sif Muna
Trog
Uskayaw
Vehumet
Wu Jian
Xom
Yredelemnul
Zin
The Shining One
Beogh
Lugonu

Shops:
D:9 [[(([   D:14 *   Orc:1 :   Orc:2 ((([:   Elf:1 *   Shoals:2 *[*(*
Vaults:1 =   Vaults:3 [   Depths:3 :===   Depths:4 *

Portals:
Hell: Depths:1 Depths:2 Depths:3 Depths:4
Abyss: Lair:6 Vaults:1 Depths:3
Pandemonium: Depths:2
Ziggurat: Depths:4

Annotations:
D:5 2 runed translucent doors, Crazy Yiuf; MalarOregon's ghost, novice PaWz
D:7 exclusion: oklob plant
Lair:3 2 transporters, exclusion: 2 oklob plants, Foabaekk's ghost, journeyman GrMo
Spider:1 exclusion: knight
Elf:2 5 runed translucent doors
Vaults:1 2 transporters, ioannis32's ghost, adept DsBe
Depths:3 1 runed translucent door, PeMo's ghost, adept MiBe
Depths:4 3 runed translucent doors, Urica's ghost, adept DrGl


Innate Abilities, Weirdness & Mutations

Your life essence is reduced to manifest your ancestor. (-10% HP)
You can breathe wild blasts of lightning.
Your glossy black scales are hard. (AC +12)
You cannot fit into any form of body armour.
Your large and strong wings let you fly.
You are resistant to electric shocks. (rElec)
You are cold-blooded and may be slowed by cold attacks.


Message History

Cast which spell? (? or * to list)
Okay, then.
Blink to where?
Press: ? - help, Dir - move target
As you read the scroll of blinking, it crumbles to dust.
You feel much better.
Mr.Purple hits the soul eater but does no damage. x2
The soul eater draws from the surrounding life force!
* * * LOW HITPOINT WARNING * * *
Cast which spell? (? or * to list)
You feel a surge of power!
You create some ball lightning! 3 ball lightnings come into view.
The soul eater hits you!
* * * LOW HITPOINT WARNING * * *
The molten gargoyle hits your ball lightning with a +0 morningstar!
Your ball lightning is engulfed in flames.
Your ball lightning completely resists.
You swap places.
Your ball lightning explodes!
The blast of lightning engulfs the soul eater!!
The soul eater is heavily wounded.
The blast of lightning engulfs your ball lightning.
Your ball lightning completely resists.
The blast of lightning engulfs the molten gargoyle!!
The molten gargoyle resists.
The molten gargoyle is severely damaged.
The blast of lightning engulfs your ball lightning.
Your ball lightning completely resists.
The blast of lightning engulfs you!! You resist.
* * * LOW HITPOINT WARNING * * *
Your ball lightning explodes!
The blast of lightning engulfs the soul eater!
The soul eater is severely wounded.
The blast of lightning engulfs the molten gargoyle!
The molten gargoyle resists.
You destroy the molten gargoyle!
The blast of lightning engulfs your ball lightning.
Your ball lightning completely resists.
The blast of lightning engulfs you!! You resist.
You die...

### #... #.# #...
###############.#####...
#...................#.##
#.####........(####.#.#
#.#).###########./#.#.##
#.#..'.[#####..'/.#.....
#.##'####...####'##.####
#..#.3*@'...'....#..#
#..#)####...####.#..#
#..#R...##'##.R#.#..####
#..#..#9##.##.##.#......
#..#....##.##....#......
#.##'#..##.#####'##.....
#.#..#####.# #..#.....
#.#..#####'#####.[#.....
#.####.........####.....


You could see a soul eater (ally target) and a friendly ball lightning.

Vanquished Creatures
  2 dread liches (Vaults:5)
  Saint Roka (Vaults:1)
  Geryon (Hell)
  2 golden dragons (Depths:4)
  Nikola (Shoals:2)
  Arachne (Spider:4)
  4 tentacled monstrosities
  A lich (Depths:1)
  5 titans
  5 deep elf master archers
  2 deep elf blademasters (Elf:3)
  2 quicksilver dragons
  A walking frostbound tome (Depths:4)
  The ghost of NiggerDarts the Blinker, an adept HuFi of Xom (Spider:4)
  3 sphinxes
  5 ancient champions
  5 storm dragons
  2 thorn hunters (WizLab)
  A kraken (Shoals:1)
  6 tengu reavers
  3 shadow dragons (Depths:4)
  8 draconian monks (Depths:4)
  Roxanne (Elf:3)
  3 fenstrider witches (WizLab)
  6 frost giants
  8 emperor scorpions
  13 fire giants
  Louise (Depths:3)
  2 ghost moths
  2 iron dragons
  14 vault wardens
  5 deep elf elementalists (Elf:3)
  13 deep elf sorcerers
  A draconian stormcaller (Depths:4)
  2 reapers (Hell)
  3 war gargoyles
  16 very ugly things
  13 ironbound preservers
  A quicksilver ooze (shapeshifter) (Vaults:2)
  7 ironbound thunderhulks
  20 stone giants
  A broodmother (Spider:1)
  5 vampire knights
  2 eleionomae (WizLab)
  Azrael (D:12)
  10 deep elf demonologists
  A minotaur (Shoals:4)
  6 red draconians (Depths:4)
  A lorocyproca (Hell)
  3 green draconians (Depths:4)
  8 entropy weavers
  3 black draconians (Depths:4)
  14 deep elf annihilators
  11 dire elephants
  12 spark wasps
  4 purple draconians (Depths:4)
  A minotaur (shapeshifter) (Vaults:4)
  A green death (Depths:3)
  5 white draconians (Depths:4)
  5 deep elf death magi (Elf:3)
  3 merfolk javelineers
  5 ettins
  A blizzard demon (Hell)
  6 merfolk impalers
  11 yaktaur captains
  Josephine (D:12)
  9 deep elf high priests
  10 fire dragons
  4 shambling mangroves (WizLab)
  4 great orbs of eyes
  10 ice dragons
  Fannar (Lair:2)
  4 boulder beetles
  A hydra (shapeshifter) (Vaults:4)
  4 hydras
  4 rakshasas
  3 spriggan air magi
  A catoblepas (Lair:5)
  24 vault guards
  7 centaur warriors
  4 ogre magi
  A hell beast (Hell)
  2 alligator snapping turtles (Shoals:3)
  2 radroaches
  2 jorogumos
  6 ironbound frosthearts
  3 merfolk avatars
  A merfolk aquamancer (Shoals:2)
  7 two-headed ogres
  A death knight (D:12)
  9 satyrs (Shoals:4)
  7 dancing weapons
  3 tengu warriors
  3 death yaks (Lair:4)
  5 deep troll earth magi
  4 deep troll shamans
  2 vampire magi
  4 hell hogs
  A spriggan berserker (Depths:3)
  An orc high priest (Orc:2)
  Urug (D:10)
  2 thrashing horrors (Lair:6)
  A naga sharpshooter (WizLab)
  A shock serpent (shapeshifter) (D:14)
  9 deep elf knights
  22 hell knights
  Nergalle (Lair:1)
  8 sun demons
  7 soul eaters
  2 iron trolls
  4 pharaoh ants
  2 sun moths
  12 sea snakes
  A glowing orange brain (Depths:1)
  3 flayed ghosts
  14 ironbound convokers
  39 deep trolls
  7 deep elf archers
  5 wizards
  11 orb spiders
  7 steelbarb worms
  13 lindwurms
  6 harpies
  7 necromancers
  A mana viper (shapeshifter) (Lair:6)
  15 deep elf zephyrmancers
  26 ugly things
  8 phantasmal warriors
  16 deep elf pyromancers
  3 orc knights
  7 orc sorcerers
  21 wolf spiders
  19 fauns
  3 moths of wrath
  2 oklob plants (WizLab)
  8 cyclopes
  11 manticores
  9 elephants
  A stone giant skeleton (Vaults:1)
  4 water nymphs
  10 merfolk sirens
  8 smoke demons
  A frost giant skeleton (Vaults:1)
  12 vault sentinels
  A black mamba (Lair:3)
  2 molten gargoyles
  6 rust devils (Hell)
  8 torpor snails
  A hellion (Hell)
  3 cane toads
  A cane toad (shapeshifter) (Elf:2)
  10 yaktaurs
  12 demonic crawlers
  7 ice devils (Hell)
  3 freezing wraiths
  A komodo dragon (shapeshifter) (Vaults:4)
  3 komodo dragons
  A yaktaur (shapeshifter) (Vaults:4)
  3 rime drakes
  A tormentor (Depths:2)
  2 tengu conjurers
  4 polar bears
  A red devil (Depths:2)
  A queen bee (D:8)
  10 hornets
  An ancient zyme (Lair:6)
  3 trolls
  4 wind drakes
  37 merfolk
  7 meliai
  33 tarantellas
  26 slime creatures
  18 blink frogs
  4 dream sheep (Shoals:3)
  6 snapping turtles
  An air elemental (Elf:2)
  5 spriggans
  23 jumping spiders
  3 wyverns
  Sigmund (D:3)
  A ynoxinul (Lair:6)
  3 water elementals
  22 culicivoras
  A spriggan (shapeshifter) (Elf:2)
  2 shadows
  24 yaks
  3 fire elementals
  8 wraiths
  9 basilisks
  6 small abominations (Lair:6)
  A chaos spawn (Lair:6)
  2 neqoxecs (Depths:2)
  2 humans (shapeshifter)
  A large abomination (Lair:6)
  44 redbacks
  2 wargs
  Edmund (D:5)
  An acid dragon (D:11)
  5 hell hounds
  12 water moccasins
  14 orc warriors
  2 sky beasts (D:5)
  A black bear (D:5)
  3 ice beasts
  3 ettin simulacra (Depths:3)
  8 ogres
  3 necrophages
  3 boggarts (Vaults:3)
  8 wolves
  6 centaurs
  5 kobold brigands
  6 bullfrogs
  A water moccasin zombie (D:5)
  A scorpion (D:6)
  A wyvern zombie (D:8)
  A water moccasin skeleton (D:6)
  6 killer bees
  6 electric eels
  5 howler monkeys
  2 centaur zombies
  A bullfrog zombie (D:6)
  3 hounds
  A bullfrog skeleton (D:6)
  11 orc priests
  3 iguanas
  21 orc wizards
  17 hell rats (Hell)
  4 mummies
  A howler monkey zombie (D:9)
  6 gnolls
  6 adders
  2 worms
  3 dart slugs
  64 orcs
  2 ball pythons (D:1)
  2 bats (D:2)
  7 endoplasms
  5 giant cockroaches
  11 goblins
  7 hobgoblins
  4 jackals
  4 quokkas
  6 frilled lizards
  27 kobolds
  4 rats
  A spectral hobgoblin (D:3)
  2 bushes
  13 fulminant prisms
  4 tentacles (Shoals:1)
1568 creatures vanquished.

Vanquished Creatures (collateral kills)
  A golden dragon (Depths:4)
  A tentacled monstrosity (Depths:1)
  Mlioglotl (Spider:4)
  A titan (Vaults:5)
  Murray (Depths:3)
  4 sphinxes
  A shadow dragon (Vaults:5)
  2 draconian monks (Depths:4)
  The ghost of Nuqinleag the Devastator, an adept GrEE of Vehumet (Spider:4)
  3 tengu reavers
  Ilsuiw (Shoals:3)
  3 emperor scorpions
  6 fire giants
  A ghost moth (Spider:3)
  8 vault wardens
  A deep elf sorcerer (Elf:3)
  An orc warlord (Vaults:2)
  3 frost giants
  2 war gargoyles
  A broodmother (Spider:4)
  14 very ugly things
  12 ironbound preservers
  An ironbound thunderhulk (Vaults:4)
  5 stone giants
  2 black draconians (Depths:4)
  A green draconian (Depths:4)
  2 deep elf demonologists
  2 white draconians (Depths:4)
  A purple draconian (Depths:4)
  2 dire elephants
  A minotaur (Shoals:4)
  5 spark wasps
  A crystal guardian (Vaults:4)
  A deep elf death mage (Elf:3)
  5 ettins
  8 great orbs of eyes
  7 yaktaur captains
  A deep elf high priest (Vaults:2)
  5 fire dragons
  7 vault guards
  7 ice dragons
  Harold (D:10)
  5 boulder beetles
  2 hell beasts (Depths:1)
  2 rakshasas (Depths:1)
  2 peacekeepers
  3 ironbound frosthearts
  A jorogumo (Spider:4)
  3 centaur warriors
  A catoblepas (Lair:4)
  4 hydras
  2 ogre magi
  A jorogumo (shapeshifter) (Vaults:5)
  A merfolk aquamancer (Shoals:3)
  3 deep troll shamans
  6 dancing weapons
  A radroach (Spider:4)
  An alligator snapping turtle (Shoals:4)
  2 death yaks
  A spriggan berserker (Depths:1)
  5 tengu warriors
  A naga sharpshooter (WizLab)
  3 hell knights
  2 thrashing horrors (Lair:6)
  4 iron trolls (Depths:1)
  2 pharaoh ants
  2 steelbarb worms
  A death drake (Depths:4)
  4 sea snakes
  3 deep elf archers
  13 deep trolls
  2 orb spiders (Spider:4)
  A steelbarb worm (shapeshifter) (Depths:2)
  A wizard (Vaults:4)
  12 lindwurms
  7 deep elf pyromancers
  3 necromancers
  4 ironbound convokers
  A phantasmal warrior (Vaults:4)
  7 harpies
  2 wolf spiders (Spider:4)
  4 deep elf zephyrmancers
  4 orc knights
  A fire giant zombie (Vaults:1)
  2 human zombies (Vaults:1)
  A tengu skeleton (Vaults:1)
  A stone giant zombie (Vaults:1)
  4 manticores
  9 ugly things
  12 elephants
  3 fauns
  A cyclops (D:14)
  2 centaur zombies
  A black mamba (Lair:2)
  A moth of wrath (Spider:3)
  Maurice (D:10)
  2 merfolk sirens
  7 vault sentinels
  A water nymph (Shoals:2)
  2 torpor snails
  7 cane toads
  A cane toad (shapeshifter) (Elf:2)
  A yaktaur zombie (Vaults:1)
  A hellion (Vaults:1)
  2 komodo dragons
  5 yaktaurs
  A rime drake (Lair:5)
  2 demonic crawlers
  2 meliai
  7 merfolk
  3 trolls
  10 slime creatures
  8 tarantellas
  3 hornets
  7 jumping spiders
  7 blink frogs
  A dream sheep (shapeshifter) (Depths:1)
  3 dream sheep
  2 snapping turtles
  3 air elementals
  7 culicivoras
  5 wyverns
  A ynoxinul (Lair:6)
  8 water elementals
  6 basilisks
  3 fire elementals
  21 yaks
  3 steam dragons
  18 redbacks
  A warg (shapeshifter) (D:14)
  A warg (Vaults:1)
  4 water moccasins
  17 orc warriors
  3 ice beasts
  8 small abominations (Lair:6)
  3 ogres
  6 wolves
  5 centaurs
  8 bullfrogs
  2 earth elementals
  A scorpion (D:10)
  A human simulacrum (Vaults:1)
  8 killer bees
  5 electric eels
  A howler monkey (D:7)
  A hound (D:6)
  A jelly (shapeshifter) (Depths:1)
  A centaur skeleton (D:7)
  4 orc priests
  2 iguanas
  11 orc wizards
  A hell rat (Depths:3)
  A gnoll (D:5)
  17 orcs
  3 kobolds
  31 ball lightnings
609 creatures vanquished.

Vanquished Creatures (others)
  2 deep elf master archers
  2 vault wardens
  A stone giant (Vaults:5)
  A satyr (WizLab)
  7 centaur warriors
  A wizard (Vaults:3)
  A merfolk siren (Shoals:2)
  A vault sentinel (Vaults:3)
  11 yaktaurs
  44 knights
  An ancestor (D:5)
  704 ball lightnings
  4 bushes
  96 fulminant prisms
  56 fungi
  242 plants
  17 toadstools (D:7)
  2 withered plants (D:5)
1193 creatures vanquished.

Grand Total: 3370 creatures vanquished

Notes
Turn   | Place    | Note
-------+----------+-------------------------------------------
     0 | D:1      | Fartwhistle the Draconian Conjurer began the quest for the
                  | Orb.
     0 | D:1      | Reached XP level 1. HP: 14/14 MP: 3/3
   243 | D:1      | Reached XP level 2. HP: 20/20 MP: 3/5
   291 | D:1      | Found a faded altar of an unknown god.
   883 | D:1      | Reached XP level 3. HP: 26/26 MP: 3/6
  1557 | D:2      | Learned a level 2 spell: Searing Ray
  1732 | D:2      | Reached skill level 5 in Conjurations
  2244 | D:3      | Reached XP level 4. HP: 33/33 MP: 4/8
  2466 | D:3      | Noticed Sigmund
  2476 | D:3      | Killed Sigmund
  2477 | D:3      | Reached XP level 5. HP: 37/38 MP: 1/10
  2678 | D:3      | Found a hazy altar of Hepliaklqana.
  2694 | D:3      | Became a worshipper of Hepliaklqana the Forgotten
  2900 | D:3      | Reached XP level 6. HP: 45/45 MP: 6/11
  3545 | D:4      | Noticed an ice beast
  3561 | D:4      | Killed an ice beast
  3819 | D:4      | Found a sand-covered staircase.
  3827 | Ossuary  | Entered an ossuary
  4296 | D:4      | Reached skill level 1 in Fighting
  4296 | D:4      | Your scales start taking on a glossy black colour.
  4296 | D:4      | Reached XP level 7. HP: 52/52 MP: 5/13
  4296 | D:4      | Gained mutation: You are resistant to electric shocks.
                  | (rElec) [Black Draconian growth]
  4870 | D:5      | Entered Level 5 of the Dungeon
  4874 | D:5      | Found a staircase to the Ecumenical Temple.
  4921 | D:5      | Noticed Edmund
  5454 | D:5      | Found an iron altar of Okawaru.
  5753 | D:5      | Found a runed translucent door.
  5754 | D:5      | Noticed MalarOregon's ghost (novice PaWz)
  5766 | D:5      | Reached XP level 8. HP: 63/63 MP: 7/15
  5819 | D:5      | Reached * piety under Hepliaklqana
  5885 | D:5      | Reached skill level 5 in Spellcasting
  6305 | D:5      | Found a shimmering altar of Xom.
  6537 | D:5      | Found a radiant altar of Vehumet.
  6689 | D:5      | Killed Edmund
  7076 | D:5      | Found a runed translucent door.
  7077 | D:5      | Noticed Crazy Yiuf
  7119 | D:6      | Learned a level 3 spell: Dazzling Flash
  7700 | D:6      | Reached XP level 9. HP: 65/65 MP: 4/17
  7799 | D:6      | Reached ** piety under Hepliaklqana
  7800 | D:6      | Remembered your ancestor Mr.Purple as a knight
  7961 | D:6      | Reached skill level 5 in Fighting
  8051 | D:6      | Reached skill level 10 in Conjurations
  8879 | D:7      | Found a blossoming altar of Fedhas.
  8908 | D:7      | Noticed an oklob plant
  9809 | D:7      | Learned a level 4 spell: Fulminant Prism
  9814 | D:7      | Learned a level 4 spell: Iskenderun's Mystic Blast
 10191 | D:8      | Found a white marble altar of Elyvilon.
 10268 | D:8      | Reached XP level 10. HP: 60/75 MP: 15/20
 10466 | D:8      | Noticed a centaur warrior
 10477 | D:8      | Killed a centaur warrior
 10695 | D:8      | Found a broken altar of Ashenzari.
 10916 | D:8      | Found a snail-covered altar of Cheibriados.
 10929 | D:8      | Identified the +1 pair of boots of Gravitas {Str-4 Int+4}
 11316 | D:9      | Noticed a wizard
 11322 | D:9      | Killed a wizard
 11477 | D:9      | Found Seuroolo's Weapon Boutique.
 11486 | D:9      | Reached skill level 5 in Dodging
 12145 | D:9      | Found Lunes's Antique Weapon Shoppe.
 12189 | D:9      | Found Fitipopt's Antique Armour Shoppe.
 12273 | D:9      | Reached *** piety under Hepliaklqana
 12347 | D:9      | Found a stormy altar of Qazlal.
 12392 | D:9      | Found Yciabufis's Armour Shoppe.
 12405 | D:9      | Found Nechi's Antique Armour Shop.
 12811 | D:10     | Entered Level 10 of the Dungeon
 12959 | D:10     | Reached XP level 11. HP: 84/84 MP: 13/22
 12980 | D:10     | Noticed a two-headed ogre
 12989 | D:10     | Killed a two-headed ogre
 13466 | D:10     | Found a hide-covered altar of Uskayaw.
 13469 | D:10     | Found a sacrificial altar of Ru.
 13594 | D:10     | Found a staircase to the Lair.
 13667 | D:10     | Found a glowing golden altar of the Shining One.
 13801 | D:10     | Noticed Urug
 13967 | D:10     | Noticed Harold
 13976 | D:10     | Killed Harold
 14469 | D:10     | Noticed Maurice
 14488 | D:10     | Killed Maurice
 15253 | D:10     | Found a staircase to the Orcish Mines.
 15544 | Lair:1   | Entered Level 1 of the Lair of Beasts
 15770 | Lair:1   | Learned a level 3 spell: Portal Projectile
 16183 | Lair:1   | Noticed Nergalle
 16197 | Lair:1   | Killed Nergalle
 16733 | Lair:1   | Reached XP level 12. HP: 88/94 MP: 16/25
 17087 | Lair:1   | Reached **** piety under Hepliaklqana
 17217 | D:10     | Killed Urug
 17665 | D:11     | Noticed a boulder beetle
 17733 | D:11     | Killed a boulder beetle
 18250 | D:11     | Noticed a two-headed ogre
 18259 | D:11     | Killed a two-headed ogre
 18260 | D:11     | Reached skill level 10 in Fighting
 18841 | D:12     | Noticed a death knight
 19728 | Lair:2   | Noticed Fannar
 19738 | Lair:2   | Killed Fannar
 20218 | Lair:2   | Reached ***** piety under Hepliaklqana
 20416 | Lair:2   | Found a hole to the Spider Nest.
 20772 | Lair:3   | Reached skill level 10 in Spellcasting
 20835 | Lair:3   | Found a transporter.
 20889 | Lair:3   | Noticed Foabaekk's ghost (journeyman GrMo)
 21615 | Lair:3   | Found a transporter.
 21797 | Lair:3   | Found a staircase to the Shoals.
 22053 | Lair:3   | Found a bloodstained altar of Trog.
 22250 | Lair:4   | Reached XP level 13. HP: 102/104 MP: 23/27
 26076 | Lair:5   | Reached ****** piety under Hepliaklqana
 26079 | Lair:5   | Reached skill level 1 in Air Magic
 26792 | Lair:5   | Reached skill level 2 in Air Magic
 27068 | Lair:5   | Reached skill level 3 in Air Magic
 27300 | Lair:5   | Reached skill level 15 in Conjurations
 27304 | Lair:5   | Reached skill level 10 in Dodging
 27591 | Lair:5   | Identified the +9 war axe "Laufosh" {vorpal, rF+ Will+
                  | Str+2}
 27989 | Lair:5   | Reached skill level 4 in Air Magic
 28473 | Orc:1    | Entered Level 1 of the Orcish Mines
 28515 | Orc:1    | Noticed an ettin
 28986 | D:10     | Killed an ettin
 29545 | Orc:1    | Gained mutation: Your large and strong wings let you fly.
                  | [Black Draconian growth]
 29545 | Orc:1    | Reached XP level 14. HP: 109/114 MP: 17/28
 29601 | Orc:1    | Learned a level 3 spell: Tukima's Dance
 29710 | Orc:1    | Found Penod's Book Shoppe.
 29719 | Orc:1    | Bought a Trismegistus Codex for 420 gold pieces
 29719 | Orc:1    | Bought a book of the Spheres for 810 gold pieces
 29726 | Orc:1    | Learned a level 6 spell: Conjure Ball Lightning
 29732 | Orc:1    | Learned a level 5 spell: Freezing Cloud
 29973 | Orc:1    | Found a shimmering blue altar of Sif Muna.
 30243 | Lair:6   | Entered Level 6 of the Lair of Beasts
 30359 | Lair:5   | Reached skill level 5 in Air Magic
 30673 | Lair:6   | Found a staircase to the Slime Pits.
 30729 | Lair:6   | Reached skill level 6 in Air Magic
 31584 | Lair:6   | Reached skill level 7 in Air Magic
 31708 | Lair:6   | Reached skill level 1 in Ice Magic
 32085 | Lair:6   | Identified the +5 hand axe "Ydinacs" {vorpal, rF++ rN+
                  | Int+4}
 32107 | Lair:6   | Reached skill level 8 in Air Magic
 32734 | Lair:6   | Reached skill level 1 in Invocations
 33110 | Lair:6   | Found a corrupted altar of Lugonu.
 33110 | Lair:6   | Found a one-way gate to the infinite horrors of the Abyss.
 33617 | Orc:2    | Entered Level 2 of the Orcish Mines
 34377 | Orc:2    | Reached skill level 9 in Air Magic
 34928 | Orc:2    | Found a staircase to the Elven Halls.
 35413 | Orc:2    | Found Litsargh's Book Shoppe.
 35413 | Orc:2    | Found Qesess's Antique Armour Shoppe.
 35414 | Orc:2    | Found Virchofou's Weapon Emporium.
 35418 | Orc:2    | Found Vihaghat's Antique Weapon Emporium.
 35571 | Orc:2    | Found Uvivoq's Antique Weapon Emporium.
 36124 | D:12     | Noticed Azrael
 36459 | D:12     | Noticed Josephine
 36760 | D:12     | Killed Josephine
 36866 | D:12     | Found a glowing silver altar of Zin.
 36935 | D:12     | Killed Azrael
 37096 | D:13     | Reached XP level 15. HP: 120/120 MP: 27/30
 37345 | D:13     | Reached skill level 10 in Air Magic
 37985 | D:13     | Got the Handbook of Confrontation and Stolen Souls
 39161 | D:14     | Found a gate to the Vaults.
 39234 | D:14     | Found Esocirgh's Assorted Antiques.
 39444 | D:15     | Entered Level 15 of the Dungeon
 40402 | D:14     | Reached skill level 11 in Air Magic
 40867 | D:15     | Reached skill level 5 in Ice Magic
 41171 | D:15     | Found a staircase to the Depths.
 41424 | D:15     | Reached skill level 5 in Invocations
 42152 | Shoals:1 | Entered Level 1 of the Shoals
 42326 | Orc:2    | Bought a book of Annihilations for 660 gold pieces
 42326 | Orc:2    | Identified a scroll of acquirement
 42370 | Orc:2    | Learned a level 9 spell: Chain Lightning
 42387 | Elf:1    | Entered Level 1 of the Elven Halls
 42663 | Elf:1    | Paralysed by an air elemental for 1 turns
 42787 | Elf:1    | Found Kafukk's Assorted Antiques.
 42844 | Elf:1    | Reached skill level 12 in Air Magic
 43392 | Elf:1    | Got Sif Muna's Collected Works on Summoning
 43487 | Elf:1    | Reached XP level 16. HP: 105/129 MP: 0/32
 44155 | Elf:2    | Paralysed by an air elemental for 1 turns
 44223 | Elf:2    | Acquired 557 gold pieces
 44711 | Elf:2    | Paralysed by an air elemental for 1 turns
 44753 | Elf:2    | Reached skill level 13 in Air Magic
 45192 | D:9      | Bought a dazzling rapier for 189 gold pieces
 45192 | D:9      | Identified the +5 rapier of Vanuhen {speed, *Slow Fly rElec
                  | rN++} (You bought it in a shop on level 9 of the Dungeon)
 46927 | Shoals:1 | Noticed a kraken
 46932 | Shoals:1 | Killed a kraken
 47120 | Shoals:1 | Identified the +6 dagger "Dragonslayer" {elec, Fly rC++
                  | rN+}
 47141 | Shoals:1 | Got the Guide on Noxious Attacks
 47543 | Shoals:2 | Found Eseisenu's Mayhem Merchandise.
 47543 | Shoals:2 | You are sucked into a shaft and drop 1 floor!
 47546 | Shoals:3 | Noticed Ilsuiw
 47573 | Shoals:3 | Reached skill level 14 in Air Magic
 48017 | Shoals:3 | Killed Ilsuiw
 49529 | Shoals:2 | Noticed Nikola
 49531 | Shoals:2 | Reached skill level 15 in Air Magic
 49778 | Shoals:4 | Entered Level 4 of the Shoals
 50472 | Shoals:2 | Killed Nikola
 53236 | Shoals:2 | Reached skill level 16 in Air Magic
 53236 | Shoals:2 | Reached XP level 17. HP: 122/135 MP: 21/34
 53708 | Shoals:2 | Found Qoabeguh's Visitors' Centre.
 53708 | Shoals:2 | Found Qoabeguh's Merfolk Magic.
 53713 | Shoals:2 | Found Qoabeguh's Merfolk Weapons.
 53713 | Shoals:2 | Found Qoabeguh's Merfolk Armours.
 53731 | Shoals:2 | Bought a ring of see invisible for 225 gold pieces
 55664 | Shoals:4 | Reached skill level 17 in Air Magic
 56491 | Shoals:4 | Identified the +2 mace of Action {spect, rCorr MP+9}
 57200 | Shoals:4 | Got a barnacled rune of Zot
 57534 | Spider:1 | Entered Level 1 of the Spider Nest
 58180 | Spider:1 | Identified the +0 helmet of the Merchant {Harm Regen+ Int+4
                  | Dex+3}
 58716 | Spider:1 | Reached skill level 18 in Air Magic
 58758 | Spider:1 | Learned a level 7 spell: Orb of Destruction
 60003 | Spider:1 | Found the +5 sword of Power {vorpal}
 60833 | Spider:1 | Reached XP level 18. HP: 38/141 MP: 12/36
 63416 | Elf:2    | Reached skill level 19 in Air Magic
 63893 | Elf:2    | Found a huge runed translucent gate.
 63893 | Elf:2    | Found a huge runed translucent gate.
 63895 | Elf:2    | Found a huge runed translucent gate.
 63895 | Elf:2    | Found a huge runed translucent gate.
 63896 | Elf:2    | Found a huge runed translucent gate.
 64392 | Elf:3    | Entered Level 3 of the Elven Halls
 64533 | Elf:3    | Identified Roxanne's Volume of the Rocks
 64533 | Elf:3    | Noticed Roxanne
 64694 | Elf:3    | Killed Roxanne
 64838 | Elf:3    | Reached skill level 1 in Shields
 67231 | Elf:3    | Noticed a Brimstone Fiend
 67472 | Elf:3    | Reached skill level 20 in Air Magic
 68257 | Elf:3    | Reached skill level 15 in Spellcasting
 69254 | Elf:3    | Reached XP level 19. HP: 144/146 MP: 27/38
 69632 | Elf:3    | Got the Catalogue of Earth
 69651 | Elf:3    | Identified the +4 shortbow of the Sage {freeze, SInv}
 70235 | Shoals:2 | Bought a +2 hat for 272 gold pieces
 70456 | Vaults:1 | Entered Level 1 of the Vaults
 70676 | Vaults:1 | Reached skill level 21 in Air Magic
 72171 | Vaults:1 | Found a transporter.
 72205 | Vaults:1 | Found a transporter.
 72298 | Vaults:1 | Noticed ioannis32's ghost (adept DsBe)
 73111 | Vaults:1 | Noticed Saint Roka
 74301 | Vaults:1 | Reached skill level 22 in Air Magic
 74655 | Vaults:1 | Paralysed by a great orb of eyes for 4 turns
 74913 | Vaults:1 | Found Fadduish's Jewellery Emporium.
 74939 | Vaults:1 | Killed Saint Roka
 75342 | Vaults:2 | Found a magical portal.
 75355 | WizLab   | Entered Eringya's Formal Garden
 76151 | WizLab   | Got the Guide on Bewitching Illusion
 76158 | WizLab   | Learned a level 2 spell: Blink
 77860 | WizLab   | Found a blossoming altar of Fedhas.
 77869 | WizLab   | Identified the +12 quarterstaff of the Unstoppable Dances
                  | {spect, Fragile +Blink SInv Stlth+}
 78198 | Vaults:2 | Reached XP level 20. HP: 106/153 MP: 24/40
 78803 | Vaults:2 | Reached skill level 23 in Air Magic
 81291 | Vaults:2 | Identified the +7 rapier of Xacaot {drain, rF++ Int-5
                  | Dex+7} (You took it off a vault sentinel on level 2 of the
                  | Vaults)
 83974 | Vaults:3 | Found Ajaulile's Armour Shoppe.
 84469 | Vaults:3 | Reached XP level 21. HP: 125/163 MP: 14/41
 85385 | Vaults:3 | Found a staircase to the Crypt.
 86073 | Vaults:4 | Reached skill level 15 in Fighting
 87720 | Vaults:4 | Reached skill level 24 in Air Magic
 87956 | Vaults:5 | Entered Level 5 of the Vaults
 89228 | Vaults:5 | Noticed a dread lich
 89531 | Depths:1 | Entered Level 1 of the Depths
 90661 | Depths:1 | Identified the +9 fustibalus "Ohelorao" {freeze, rN+ Str+4
                  | Dex+5}
 90826 | Depths:1 | Reached XP level 22. HP: 170/174 MP: 29/43
 91820 | Depths:1 | You are sucked into a shaft and drop 1 floor!
 91820 | Depths:2 | Found a gateway to Hell.
 92213 | Depths:1 | Found an ornate altar of the Wu Jian Council.
 94416 | Depths:2 | Reached skill level 25 in Air Magic
 95752 | Depths:2 | Found a one-way gate leading to the halls of Pandemonium.
 95955 | Depths:3 | Noticed Louise
 95960 | Depths:3 | Killed Louise
 95994 | Depths:3 | Noticed PeMo's ghost (adept MiBe)
 96668 | Depths:3 | Found Tasaj's Jewellery Shop.
 96676 | Depths:3 | Reached XP level 23. HP: 171/184 MP: 35/45
 96855 | Depths:3 | Bought the ring of Uvuah {rPois rF++ Will- Int+6} for 1411
                  | gold pieces
 97373 | Depths:3 | Found Plog's Book Shop.
 97373 | Depths:3 | Found Wyanur Tove's Jewellery Emporium.
 97374 | Depths:3 | Found Joschayb's Jewellery Emporium.
 97382 | Depths:3 | Bought a book of the Dragon for 1012 gold pieces
 97390 | Depths:3 | Learned a level 7 spell: Storm Form
 97541 | Depths:3 | Found a runed translucent door.
 97946 | Vaults:5 | Killed a dread lich
 99063 | Vaults:5 | Noticed a dread lich
 99067 | Vaults:5 | Killed a dread lich
 99369 | Vaults:5 | Identified the ring of Lybupp {Wiz Str+6}
101147 | Vaults:5 | Identified the +6 falchion "Beastslayer" {vorpal, Will+++
                  | rCorr Int-4 Dex+3}
101715 | Vaults:5 | Identified the +9 hunting sling of Harmony {flame, Str+4
                  | Int+4}
101983 | Vaults:5 | Reached skill level 15 in Dodging
102044 | Vaults:5 | Got a silver rune of Zot
102497 | Vaults:5 | Learned a level 6 spell: Iron Shot
105231 | Spider:3 | Reached skill level 26 in Air Magic
105321 | Spider:4 | Entered Level 4 of the Spider Nest
105597 | Spider:4 | Reached XP level 24. HP: 195/195 MP: 46/46
106392 | Spider:4 | Noticed Arachne
106400 | Spider:4 | Noticed NiggerDarts's ghost (adept HuFi)
106401 | Spider:4 | Identified the +9 hunting sling of Qeuc {vorpal, Str+3}
106409 | Spider:4 | Noticed Nuqinleag's ghost (adept GrEE)
106419 | Spider:4 | Found a transporter.
106432 | Spider:4 | Found a transporter.
106727 | Spider:4 | Killed Arachne
106728 | Spider:4 | Killed NiggerDarts's ghost
106874 | Spider:4 | Killed Nuqinleag's ghost
107459 | Spider:4 | Noticed Mlioglotl
107468 | Spider:4 | Killed Mlioglotl
108319 | Spider:4 | Got a gossamer rune of Zot
108570 | Slime:1  | Entered Level 1 of the Pits of Slime
108902 | Hell     | Entered the Vestibule of Hell
108902 | Hell     | Noticed Geryon
109383 | Hell     | Killed Geryon
109591 | Hell     | Noticed Murray
110649 | Depths:3 | Killed Murray
110730 | Depths:4 | Entered Level 4 of the Depths
112576 | Depths:4 | Found a runed translucent gate.
112576 | Depths:4 | Found a runed translucent gate.
112576 | Depths:4 | Noticed an ancient lich
112613 | Depths:4 | Noticed Urica's ghost (adept DrGl)
113519 | Depths:4 | Reached XP level 25. HP: 205/205 MP: 37/46
113796 | Depths:4 | Found a runed translucent gate.
113851 | Depths:4 | Found a basalt altar of Yredelemnul.
113891 | Depths:4 | Found a one-way gateway to a ziggurat.
114012 | Depths:4 | Found Querei's CLEARANCE SALE!.
114870 | Depths:4 | Reached skill level 27 in Air Magic
115739 | Depths:4 | Found a gate to the Realm of Zot.
116088 | Depths:4 | Acquired 978 gold pieces
116208 | Depths:4 | Identified the +0 scale mail of Proximity {Will+}
116388 | Depths:4 | Killed by an exploding ball lightning

Illustrated notes

Levels and vault maps discovered:
D:1:      tarquinn_simple_flora_water_d, layout_basic,
          ebering_ecumenical_altar_rust
D:2:      layout_loops_ring
D:3:      layout_loops_cross, nicolae_hepliaklqana_monster_ancestors,
          serial_rivers, chequers_serial_rivers_micro_a,
          chequers_serial_rivers_large_b, chequers_serial_rivers_micro_c,
          chequers_serial_rivers_large_a, chequers_serial_rivers_micro_b,
          chequers_serial_rivers_small_a, uniq_sigmund
D:4:      layout_cave_pods, nicolae_ossuary_entry_ruins
D:5:      layout_loops_corners, mainiacjoe_overflow_catwalk_spiral,
          okawaru_ov_weapons_minmay, temple_statues, gammafunk_ghost_grave,
          uniq_crazy_yiuf_cottage, uniq_edmund
D:6:      layout_loops_corners, minivault_22, minmay_joined_circles
D:7:      layout_loops_cross, tgw_fedhas
D:8:      layout_rooms, mainiacjoe_overflow_alcove_2, slow_altar_1,
          mainiacjoe_overflow_chevrons, nicolae_looking_at_the_future
D:9:      layout_long_grid, mainiacjoe_overflow_surrounded_room, serial_shops,
          shop_coins, nicolae_shop_bloodbath_and_beyond,
          nicolae_shop_advertising_works [nicolae_subvault_shop_adworks],
          nicolae_shop_window_shopping, shop, enter_bailey_3,
          minmay_misc_feat_ornament, hangedman_decor_growths
D:10:     layout_loops_cross, mainiacjoe_overflow_tiny_flanked,
          tso_oasis_becter, mainiacjoe_overflow_small_starburst,
          minmay_lair_entry_grove, erik_orc_2, uniq_maurice, uniq_harold,
          uniq_urug
D:11:     layout_layer_cave
D:12:     layout_rooms, gauntlet_entry_generic, zin_statuary, uniq_josephine,
          uniq_azrael
D:13:     layout_stronghold
D:14:     layout_roguey, david_vaults_4, skrybe_limestone_x, serial_shops,
          nicolae_take_the_stairs, small_chamber_with_monster
D:15:     hangedman_depths_entry_civil_slaughter, layout_gridville,
          dk_noncrumbling_3, minmay_fractal_squares_diagonal_5
Lair:1:   layout_roguey, serial_rivers, chequers_serial_rivers_small_b,
          chequers_serial_rivers_small_a, chequers_serial_rivers_micro_c,
          chequers_serial_rivers_small_3, serial_bayou_ford_a, minivault_19,
          serial_bayou_pond_e, uniq_nergalle
Lair:2:   statuecave_lemuel, layout_regular_city, spider_nest_entry_web_field,
          grunt_megastairs_1, uniq_fannar
Lair:3:   minmay_lair_oklob_chamber, layout_regular_city,
          minmay_shoals_entry_hut, gammafunk_ghost_wrathful_warriors,
          minmay_stone_trees_small
Lair:4:   layout_gridlike, nicolae_volcano_entry_lava_flow,
          nicolae_lair_yak_garden, grunt_megastairs_3
Lair:5:   layout_cave_pods, infiniplex_staircase_pool, serial_bayou_shore_a
Lair:6:   hellmonk_lair_end_abyssal_woods, layout_cave_pods, slime_dummy
Shoals:1: layout_shoals, centaur_isle
Shoals:2: nicolae_shoals_mermall, layout_shoals, minmay_shop_mayhem, uniq_nikola
Shoals:3: layout_shoals, uniq_ilsuiw
Shoals:4: shoals_end_hellmonk_lost_city
Spider:1: layout_spider_delve, hellmonk_spider_spawner
Spider:2: layout_spider_delve, worms_lemuel
Spider:3: layout_spider_delve
Spider:4: guppyfry_spider_rune, nzn_ghost_randoct, uniq_mlioglotl
Slime:1:  layout_caves, nicolae_slime_phagocytosis
Orc:1:    layout_caves, serial_shops, shop_fountains, nicolae_orc_stony_grotto,
          kennysheep_orc_sif_temple
Orc:2:    st_orc_mages, layout_caves, basic_altar, serial_shops,
          nicolae_shop_statue_plus
Elf:1:    eino_elf_arrival_sip, layout_loops_corners, serial_shops,
          shop_fountains, minmay_elf_demonology
Elf:2:    elven_hall_of_blades_hangedman_alternative [nicolae_blade_tridents],
          layout_onion_city
Elf:3:    nooodl_elf_gasket, layout_geoelf_grid, nicolae_elf_glassroom_feature,
          uniq_roxanne
Vaults:1: gammafunk_ghost_abyssal_escape, ontoclasm_vaults_idyll, v_misc_8,
          v_misc_28, vaults_room_pools, ontoclasm_vaults_twist, st_cross,
          ontoclasm_vaults_spin, vaults_room_semicircle, v_misc_14,
          serial_ice_h, grunt_vaults_funnel, layout_vaults_omnicross,
          serial_shops, nicolae_shop_window_shopping, uniq_saint_roka
Vaults:2: infiniplex_enter_wizlab_glasses, nicolae_vaults_angled_halls,
          v_rooms_5, v_misc_18, nicolae_vaults_network_s,
          nicolae_vaults_circle_grid_b, v_rooms_3, v_alt_pattern_6,
          dpeg_vaults_monster_row, dpeg_vaults_pockets_of_resistance,
          layout_vaults_maze_snakey
Vaults:3: minmay_crypt_entry_simple_box, v_misc_4,
          nicolae_vaults_little_squares_6, nicolae_vaults_network_square,
          dpeg_vaults_monster_box, nicolae_vaults_alarming, st_cells,
          layout_vaults_omnigrid, serial_shops, nicolae_shop_trees
Vaults:4: vaults_mumra_hex, ontoclasm_vaults_ring_small,
          nicolae_vaults_back_hallway, nicolae_vaults_ring_of_whatevers,
          nicolae_vaults_border_crossing, layout_vaults_big_room
Vaults:5
Depths:1: nzn_winding_woodlands_huge [nzn_winding_woodlands_5x15_crooked,
          nzn_winding_woodlands_5x15_concentric,
          nzn_winding_woodlands_5x15_parted, nzn_winding_woodlands_5x15_pockets,
          nzn_winding_woodlands_5x15_jagged,
          nzn_winding_woodlands_5x15_river_crossing,
          nzn_winding_woodlands_5x15_pool, nzn_winding_woodlands_5x15_eye,
          nzn_winding_woodlands_5x15_cabin, nzn_winding_woodlands_5x15_sawtooth,
          nzn_winding_woodlands_center_garden,
          nzn_winding_woodlands_center_lodge,
          nzn_winding_woodlands_15x15_killbox], layout_basic,
          grunt_mini_vestibule, pdpol_wu_jian_five_deadly_venoms
Depths:2: grunt_house_of_mirrors, layout_small_grid, rand_demon_pan_entry_1,
          hell_entry, minmay_misc_feat_four_crosses,
          infiniplex_staircase_door_maze
Depths:3: hangedman_elemental_death_ray, layout_long_grid,
          amcnicky_mini_rare_corridor_liquid,
          nicolae_abyss_entry_one_way_or_another, hell_entry,
          hellmonk_ghost_big_iron, serial_shops, nicolae_shop_window_shopping,
          infiniplex_staircase_pool_lava, minmay_shop_grove
Depths:4: lemuel_castle_with_subvaults [lemuel_castle_interior_carwin_3],
          layout_basic, enter_ziggurat_e, yredelemnul_altar_generic,
          gammafunk_ghost_split, grunt_hell_entry_dis_old,
          nicolae_shop_clearance
Hell

Skill      XL: |  1  2  3  4  5  6  7  8  9 10 11 12 13 14 15 16 17 18 19 20 21 22 23 24 25 |
---------------+----------------------------------------------------------------------------+-----
Conjurations   | 5 6 7 8 9 11 12 13 14 15 16 17 18 19 20 21 22 23 | 23.7
Spellcasting   | 3 4 5 6 7 9 10 11 12 13 14 15 16 17 18 19 20 | 20.1
Fighting       | 1 3 4 6 7 9 11 12 13 14 15 17 18 19 | 19.7
Dodging        | 2 4 5 7 8 10 12 13 14 15 16 | 16.5
Air Magic      | 4 9 12 16 18 20 22 23 24 25 26 27 | 27.0
Ice Magic      | 3 5 |  5.0
Invocations    | 3 5 |  5.1
Shields        | 3 |  3.0
Stealth        | |  1.7

Action                   |  1- 3 |  4- 6 |  7- 9 | 10-12 | 13-15 | 16-18 | 19-21 | 22-24 | 25-27 || total
-------------------------+-------+-------+-------+-------+-------+-------+-------+-------+-------++-------
Melee: Trident           |     9 |     2 |       |       |       |       |       |       |       ||    11
       Tailslap          |     1 |       |    12 |     4 |     7 |     1 |       |     2 |       ||    27
       Scythe            |       |    20 |    72 |    12 |       |       |       |       |       ||   104
       Flail             |       |       |       |     7 |    36 |       |       |       |       ||    43
       War axe           |       |       |       |       |    13 |       |       |       |       ||    13
       Punch             |       |       |       |       |     1 |       |       |     2 |       ||     3
       Staff             |       |       |       |       |     9 |     3 |     2 |    15 |       ||    29
       Unarmed           |       |       |       |       |       |       |       |   192 |       ||   192
 Cast: Magic Dart        |    80 |    72 |   226 |   494 |   395 |    45 |    43 |     3 |       ||  1358
       Searing Ray       |       |     5 |    25 |    53 |    78 |    18 |    24 |     3 |       ||   206
       Iskenderun's Myst |       |       |     1 |     1 |    14 |    35 |    68 |    31 |       ||   150
       Fulminant Prism   |       |       |       |    54 |    50 |     3 |       |     2 |       ||   109
       Portal Projectile |       |       |       |     7 |     1 |       |       |       |       ||     8
       Dazzling Flash    |       |       |       |       |    17 |    11 |       |       |       ||    28
       Conjure Ball Ligh |       |       |       |       |    94 |   169 |    48 |    14 |     1 ||   326
       Freezing Cloud    |       |       |       |       |    92 |   152 |   106 |    15 |       ||   365
       Orb of Destructio |       |       |       |       |       |    23 |    64 |    30 |       ||   117
       Chain Lightning   |       |       |       |       |       |       |    92 |   247 |    54 ||   393
       Storm Form        |       |       |       |       |       |       |       |    44 |       ||    44
       Blink             |       |       |       |       |       |       |       |     2 |       ||     2
       Iron Shot         |       |       |       |       |       |       |       |     2 |     2 ||     4
Invok: Ancestor Identity |       |       |     2 |       |       |       |       |       |       ||     2
       Recall Ancestor   |       |       |     1 |     2 |     8 |     9 |     1 |     3 |       ||    24
       Ancestor Life: Kn |       |       |     1 |       |       |       |       |       |       ||     1
       Idealise          |       |       |       |       |       |     2 |       |     2 |       ||     4
       Transference      |       |       |       |       |       |       |     1 |       |       ||     1
 Abil: Breathe Lightning |       |       |     4 |     3 |     4 |     2 |     1 |     1 |       ||    15
       Blinkbolt         |       |       |       |       |       |       |       |     2 |       ||     2
Evoke: Wand              |       |       |       |     3 |     1 |     1 |       |       |       ||     5
  Use: Scroll            |       |       |     6 |     9 |    18 |    14 |     4 |     7 |     2 ||    60
       Potion            |       |       |       |       |     2 |    10 |       |     2 |     1 ||    15
 Stab: Sleeping          |       |     1 |     2 |       |       |       |       |     1 |       ||     4
       Distracted        |       |       |     1 |     1 |       |       |       |     2 |       ||     4
Armor: Skin              |     6 |    17 |    17 |    50 |   153 |    90 |    39 |   165 |     1 ||   538
Dodge: Dodged            |    11 |    34 |    59 |   130 |   488 |   366 |   137 |   540 |    12 ||  1777
Block: Buckler           |       |       |       |       |       |       |    32 |    38 |       ||    70
